 Dungeon Crawl Stone Soup version 0.21.1-1-g345015f (webtiles) character file.

1060 letownia2 the Grappler (level 8, 75/75 HPs)
             Began as a Troll Hunter on Feb 24, 2018.
             Quit the game on level 5 of the Dungeon.
             The game lasted 00:07:26 (1307 turns).

letownia2 the Grappler (Troll Hunter)               Turns: 1307, Time: 00:07:26

Health: 75/75      AC:  5    Str: 24    XL:     8   Next: 6%
Magic:  7/7        EV: 10    Int:  7    God:
Gold:   206        SH:  0    Dex: 12    Spells: 7/7 levels left

rFire    . . .     SeeInvis .     - Unarmed
rCold    . . .     Gourm    +   (no shield)
rNeg     + . .     Faith    .   b - +0 robe
rPois    .         Spirit   .   (helmet restricted)
rElec    .         Reflect  .   (no cloak)
rCorr    .         Harm     .   (gloves unavailable)
MR       .....                  (boots unavailable)
Stlth    +.........             (no amulet)
HPRegen  0.62/turn              e - +3 ring of strength
MPRegen  0.10/turn              q - ring of positive energy

@: no status effects
A: large, unfitting armour, claws 3, fast metabolism 3, gourmand, regeneration
1, shaggy fur 1, tough skin 2
a: no special abilities


You were on level 5 of the Dungeon.
You were very full.

You visited 1 branch of the dungeon, and saw 5 of its levels.

You collected 206 gold pieces.

Inventory:

Missiles
 c - 5 large rocks (quivered)
 d - 2 throwing nets
Armour
 b - a +0 robe (worn)
Jewellery
 e - a +3 ring of strength (left claw)
 q - a ring of positive energy (right claw)
Wands
 k - a wand of iceblast (10)
 s - a wand of flame (19)
Scrolls
 h - 3 scrolls of identify {unknown}
 i - 2 scrolls of magic mapping {unknown}
 j - 2 scrolls of amnesia {unknown}
 l - a scroll of fog {unknown}
 m - a scroll of remove curse {unknown}
 n - a scroll of enchant weapon {unknown}
 o - a scroll of teleportation {unknown}
Potions
 a - 2 potions of lignification {unknown}
 g - a potion of invisibility {unknown}
 r - 2 potions of curing {unknown}
Comestibles
 f - 4 rations
 p - 2 chunks of flesh


   Skills:
 + Level 3.2 Fighting
 - Level 3.6 Throwing
 - Level 1.5 Dodging
 - Level 0.3 Stealth
 + Level 8.7 Unarmed Combat


You had 7 spell levels left.
You didn't know any spells.

Dungeon Overview and Level Annotations

Branches:
Dungeon (5/15)
 Temple: D:4-7

Altars:
Xom


Innate Abilities, Weirdness & Mutations

You are too large for most types of armour.
You have claws for hands.
Your metabolism is lightning-fast.
You like to eat raw meat.
Your natural rate of healing is unusually fast.
You are covered in fur. (AC +1)
You have very tough skin. (AC +2)


Message History

There is a stone staircase leading down here.
An adder comes into view.
The adder hisses angrily.
The adder bites you but does no damage.
You closely miss the adder. The adder bites you.
You barely miss the adder. The adder bites you.
You miss the adder. The adder barely misses you.
You mangle the adder!!
You kill the adder!
No target in view!
No target in view!
Saving game... please wait.
Welcome back, letownia2 the Troll Hunter.
Press ? for a list of commands and other information.
Found 9 sling bullets.
Put on which piece of jewellery? (? for menu, Esc to quit)
Okay, then.
Wear which item? (? for menu, Esc to quit)
Okay, then.
Are you sure you want to abandon this character and quit the game? (Confirm with "yes".)

##+##>.........#
#.
#.....########.#
#. #.....# #.#
#. #.....# #.#
#. #.....######
#.# ###
##..........#
#.# #..
#...........#
#.# #.##
#...........#
#.# #. #.
.............#
#@# . #.
.............#
#.# #.
.............#
#.# #.
.............#
#.# ##
.............#
#.# #.
......(.†....#
#.# #.
............#
#(# #.
............#
#.# #.
#######'##### ##


There were no monsters in sight!

Vanquished Creatures
  The ghost of Autsider the Skirmisher, an amateur NaWr (D:3)
  Eustachio (D:4)
  A phantom (D:4)
  An ice beast (D:5)
  2 ogres
  2 crimson imps (D:5)
  3 orc priests
  An iguana (D:4)
  4 orc wizards
  4 gnolls (D:4)
  4 adders
  An ooze (D:4)
  A worm (D:5)
  A dart slug (D:4)
  2 leopard geckos
  10 orcs
  A ball python (D:5)
  2 goblins (D:3)
  5 hobgoblins
  A kobold (D:3)
  2 quokkas
  2 bats (D:3)
  A frilled lizard (D:3)
  A jackal skeleton (D:4)
  A leopard gecko skeleton (D:4)
  A quokka skeleton (D:4)
  3 rats
59 creatures vanquished.

Notes
Turn   | Place    | Note
-------+----------+-------------------------------------------
     0 | D:1      | letownia2 the Troll Hunter began the quest for the Orb.
     0 | D:1      | Reached XP level 1. HP: 19/19 MP: 0/0
   103 | D:1      | Reached skill level 1 in Unarmed Combat
   175 | D:3      | Reached XP level 2. HP: 27/27 MP: 1/1
   226 | D:3      | Reached skill level 2 in Unarmed Combat
   240 | D:3      | Noticed Autsider's ghost (amateur NaWr)
   253 | D:3      | Reached skill level 3 in Unarmed Combat
   253 | D:3      | Reached XP level 3. HP: 28/33 MP: 2/2
   264 | D:2      | Reached XP level 4. HP: 13/41 MP: 3/3
   315 | D:2      | Reached skill level 4 in Unarmed Combat
   393 | D:3      | Killed Autsider's ghost
   393 | D:3      | Reached skill level 5 in Unarmed Combat
   393 | D:3      | Reached XP level 5. HP: 24/48 MP: 4/4
   485 | D:4      | Found a shimmering altar of Xom.
   485 | D:4      | Found a shimmering altar of Xom.
   486 | D:4      | Found a shimmering altar of Xom.
   486 | D:4      | Found a shimmering altar of Xom.
   498 | D:5      | Entered Level 5 of the Dungeon
   537 | D:5      | Reached XP level 6. HP: 53/55 MP: 5/5
   573 | D:5      | Noticed an ice beast
   581 | D:5      | Killed an ice beast
   581 | D:5      | Reached skill level 6 in Unarmed Combat
   671 | D:5      | Reached skill level 7 in Unarmed Combat
   940 | D:4      | Noticed Eustachio
   945 | D:4      | Reached XP level 7. HP: 62/62 MP: 6/6
   958 | D:4      | Killed Eustachio
   974 | D:4      | Reached skill level 8 in Unarmed Combat
  1163 | D:4      | Reached XP level 8. HP: 71/75 MP: 7/7
  1307 | D:5      | Quit the game

Skill      XL: |  1  2  3  4  5  6  7 |
---------------+----------------------+-----
Unarmed Combat | 1 3 5 7 8 |  8.7
Fighting       | 3 |  3.2
Throwing       | |  3.6
Dodging        | |  1.5
Stealth        | |  0.3

Action                   |  1- 3 |  4- 6 |  7- 9 || total
-------------------------+-------+-------+-------++-------
Melee: Unarmed           |    29 |    87 |    73 ||   189
       Punch             |     1 |     3 |     3 ||     7
  Eat: Chunk             |     2 |     9 |     5 ||    16
Armor: Robe              |    20 |    26 |    13 ||    59
Dodge: Dodged            |    17 |    36 |    21 ||    74
